Map: Frozen Temple

Players

SortOf

  • Race: Zerg Zerg
  • League: Master

LiquidTLO (TLO) - Winner!

  • Race: Zerg Zerg
  • League: Master

Event: DreamHack ZOWIE Open Valencia 2016

VOD

Have the link to the VOD?

Description

Time

  • Played on: July 16, 2016, 4:49 a.m.
  • Length: 8:09

All games in this series

Show
View Real Time Build Order
Export as new Build Order

SortOf Zerg 

Build Orders: Hatch First 

Get SALT Encoding   

  12  0:00  Drone  
  13  0:12  Overlord  
  13  0:18  Drone  
  14  0:31  Drone x2  
  16  0:35  Drone  
  17  0:46  Drone  
  18  0:54  Hatchery  
  17  0:58  Drone  
  17  1:01  Extractor  
  17  1:12  Spawning Pool  
  17  1:15  Drone  
  17  1:19  Drone  
  18  1:28  Drone  
  19  1:39  Overlord  
  19  2:01  Zergling x4, Queen  
  21  2:06  Zergling x2, Queen  
  26  2:13  Zergling x2  
  27  2:19  Zergling x2  
  25  2:31  Zergling x4  
  25  2:34  Zergling x2  
  26  2:40  Zergling x2  
  23  2:54  Drone x3  
  26  3:00  Drone  
  27  3:07  Drone  
  27  3:12  Drone  
  29  3:16  Drone  
  30  3:21  Drone x2  
  30  3:22  Drone x2  
  33  3:28  Drone  
  33  3:29  Drone  
  33  3:32  Drone  
  35  3:35  Drone  
  34  3:45  Drone  
  34  3:46  Drone  
  36  3:50  Evolution Chamber  
  36  3:51  Roach Warren, Extractor  
  36  3:53  Drone  
  34  3:55  Overlord  
  34  3:58  Drone  
  34  4:00  Drone  
  36  4:08  Overlord  
  36  4:10  Extractor  
  36  4:12  Drone  
  36  4:15  Drone x3  
  39  4:17  Metabolic Boost  
  39  4:24  Overlord  
  39  4:31  Roach  
  41  4:34  Roach x2  
  41  4:37  Overlord  
  45  4:40  Roach  
  47  4:47  Roach  
  47  4:50  Roach  
  47  4:52  Roach x2  
  55  4:57  Roach  
  57  5:03  Roach  
  57  5:07  Zergling x8  
  63  5:18  Zergling x4  
  63  5:19  Overlord x2  
  65  5:22  Zergling x2  
  65  5:25  Ravager x2  
  68  5:32  Overlord  
  68  5:34  Overlord  
  68  5:39  Ravager x3  
  68  5:40  Zergling x2, Ravager x2  
  68  5:41  Zergling x2  
  76  5:42  Zergling x2  
  76  5:46  Zergling x4  
  78  5:51  Zergling x2  
  79  5:58  Zergling x4  
  79  6:00  Zergling x2  
  79  6:01  Zergling x4  
  84  6:05  Zergling x2  
  84  6:11  Ravager x3  
  87  6:14  Zergling x8  
  92  6:24  Zergling x2  
  93  6:30  Roach x2  
  95  6:36  Roach x2  
  89  6:42  Roach x2  
  89  6:46  Roach  
  89  6:47  Roach x3  
  80  6:54  Zergling x2  
  80  6:59  Zergling x2  
  80  7:00  Zergling x2  
  75  7:03  Zergling x2  
  75  7:06  Ravager  
  75  7:07  Ravager x2  
  79  7:10  Zergling x2  
  79  7:14  Zergling x2  
  81  7:19  Zergling x2  
  81  7:20  Zergling x6  
  81  7:21  Zergling x2  
  81  7:22  Zergling x2  
  87  7:24  Zergling x2  
  87  7:27  Zergling x2  
  87  7:28  Ravager x2  
  91  7:36  Overlord  
  81  7:45  Zergling x2  
  81  7:47  Zergling x4  
  81  7:50  Zergling x2  
Show
View Real Time Build Order
Export as new Build Order

LiquidTLO Zerg - Winner!

Build Orders: Pool First 

Get SALT Encoding   

  12  0:00  Drone  
  13  0:21  Spawning Pool  
  12  0:25  Drone  
  13  0:30  Drone  
  14  0:37  Overlord  
  14  0:43  Extractor  
  14  0:44  Drone  
  15  1:08  Zergling x6  
  18  1:19  Zergling x2, Hatchery  
  18  1:29  Queen  
  20  1:33  Zergling x2  
  21  1:40  Zergling x2  
  22  1:51  Overlord  
  22  2:09  Queen  
  22  2:10  Drone  
  22  2:11  Extractor  
  22  2:13  Drone  
  25  2:25  Drone  
  26  2:33  Queen  
  26  2:34  Drone  
  26  2:35  Drone  
  29  2:37  Drone  
  29  2:38  Drone  
  29  2:39  Drone  
  31  2:46  Drone  
  31  2:47  Drone  
  29  2:53  Drone  
  29  2:57  Overlord  
  30  3:09  Evolution Chamber  
  30  3:12  Drone x2  
  31  3:13  Drone  
  31  3:14  Drone  
  33  3:21  Lair  
  33  3:24  Drone  
  34  3:27  Drone  
  34  3:29  Drone  
  34  3:33  Drone  
  34  3:35  Drone  
  34  3:46  Drone  
  34  3:47  Roach Warren  
  34  3:49  Drone  
  34  3:52  Zerg Missile Weapons Level 1  
  34  3:55  Zergling x2  
  36  3:58  Drone, Extractor  
  36  4:01  Drone  
  37  4:03  Drone  
  37  4:05  Drone  
  37  4:07  Drone  
  40  4:10  Overlord  
  40  4:13  Drone  
  41  4:17  Drone x2  
  41  4:21  Overlord  
  43  4:25  Drone, Extractor  
  43  4:26  Glial Reconstitution  
  43  4:28  Drone  
  43  4:30  Drone  
  45  4:34  Drone  
  45  4:38  Overlord  
  46  4:48  Hatchery  
  46  4:51  Drone  
  46  4:52  Roach  
  48  4:53  Overseer  
  48  4:55  Roach  
  48  4:58  Roach  
  48  4:59  Drone  
  53  5:04  Drone x3  
  57  5:07  Drone  
  57  5:11  Overlord  
  57  5:12  Roach  
  58  5:15  Roach  
  58  5:17  Overlord  
  60  5:24  Overlord  
  60  5:26  Overlord  
  60  5:27  Roach  
  62  5:30  Roach  
  62  5:31  Roach  
  62  5:35  Roach  
  68  5:37  Roach  
  68  5:40  Overlord  
  68  5:42  Roach  
  72  5:45  Roach  
  72  5:48  Zerg Missile Weapons Level 2  
  74  5:52  Roach  
  74  5:54  Overlord  
  76  5:59  Roach  
  76  6:01  Overlord  
  76  6:02  Roach  
  80  6:04  Roach  
  80  6:07  Drone  
  80  6:09  Overlord  
  85  6:11  Roach  
  85  6:15  Queen  
  85  6:18  Roach  
  89  6:20  Roach  
  89  6:22  Roach  
  93  6:26  Roach  
  93  6:29  Roach  
  93  6:32  Roach  
  99  6:33  Roach  
  99  6:34  Roach  
  99  6:39  Roach x2  
  99  6:41  Roach x2  
  99  6:43  Roach  
  99  6:45  Roach  
  95  6:48  Roach  
  95  6:50  Roach  
  95  6:51  Roach  
  91  6:54  Roach  
  91  6:56  Roach  
  91  6:59  Roach  
  91  7:00  Roach  
  95  7:04  Roach  
  95  7:05  Roach  
  99  7:09  Roach  
  99  7:15  Roach  
  103  7:16  Queen x2  
  103  7:19  Roach  
  103  7:20  Roach  
  111  7:26  Roach  
  113  7:30  Overlord  
  113  7:36  Overlord x2  
  111  7:47  Roach  
  111  7:49  Roach  
  111  7:50  Roach  

Tags
 
Add a new tag
Caveats
  • Supply blocks, unpowered buildings, or Contaminate may cause inaccurate times.
  • Supply counts are checked every 10 seconds.